 Dungeon Crawl Stone Soup version 0.25.0-9-g26727b657a (webtiles) character file.

Game seed: 3654413620649904208

198 Dirian the Slasher (level 5, -2/46 HPs)
             Began as a Minotaur Fighter on June 16, 2020.
             Killed from afar by an orc wizard (5 damage)
             ... with a puff of flame
             ... on level 4 of the Dungeon.
             The game lasted 00:02:33 (2649 turns).

Dirian the Slasher (Minotaur Fighter)               Turns: 2649, Time: 00:02:34

Health: -2/46      AC:  7    Str: 21    XL:     5   Next: 47%
Magic:  4/4        EV:  7    Int:  5    God:
Gold:   211        SH:  9    Dex: 10    Spells: 4/4 levels left

rFire    . . .     SeeInvis .   a - +0 long sword
rCold    . . .     Gourm    .   c - +0 kite shield
rNeg     . . .     Faith    .   b - +0 scale mail
rPois    .         Spirit   .   (helmet restricted)
rElec    .         Reflect  .   (no cloak)
rCorr    .         Harm     .   (no gloves)
MR       .....                  (no boots)
Stlth    ..........             (no amulet)
HPRegen  0.15/turn              (no ring)
MPRegen  0.09/turn              (no ring)

@: no status effects
A: retaliatory headbutt, horns 2
a: no special abilities


You were on level 4 of the Dungeon.
You were near starving.

You visited 1 branch of the dungeon, and saw 4 of its levels.

You collected 211 gold pieces.

Inventory:

Hand Weapons
 a - a +0 long sword (weapon)
Armour
 b - a +0 scale mail (worn)
 c - a +0 kite shield (worn)
 f - a +0 chain mail
Jewellery
 d - a cursed amulet of regeneration {unknown}
 u - an uncursed ring of see invisible {unknown}
Scrolls
 g - 5 scrolls of identify {unknown}
 i - a scroll of teleportation {unknown}
 p - a scroll of random uselessness {unknown}
 q - 2 scrolls of immolation {unknown}
 s - a scroll of enchant armour {unknown}
 v - a scroll of magic mapping {unknown}
Potions
 h - 2 potions of flight {unknown}
 j - 2 potions of brilliance {unknown}
 k - a potion of lignification {unknown}
 l - 2 potions of invisibility {unknown}
 m - 2 potions of heal wounds {unknown}
 n - 2 potions of curing {unknown}
 o - a potion of cancellation {unknown}
 r - a potion of ambrosia {unknown}
 t - a potion of stabbing {unknown}
Comestibles
 e - 12 rations


   Skills:
 + Level 4.2 Fighting
 * Level 5.3 Long Blades
 + Level 4.6 Armour
 + Level 4.4 Shields


You had 4 spell levels left.
You didn't know any spells.
Your spell library was empty.

Dungeon Overview and Level Annotations

Branches:
Dungeon (4/15)
 Temple: D:4-7

Altars:
Elyvilon
Kikubaaqudgha
Nemelex Xobeh
Qazlal
Zin
The Shining One

Annotations:
D:4 1 transporter


Innate Abilities, Weirdness & Mutations

You reflexively headbutt those who attack you in melee.
You have a pair of horns on your head.


Message History

The orc wizard points at you and mumbles some strange words.
The puff of flame misses you.
The orc wizard begins to cast a cantrip, but forgets the words!
The orc priest hits you but does no damage.
You block the orc priest's attack.
Found a stone staircase leading down.
The orc wizard begins to cast a cantrip, but forgets the words!
You block the orc priest's attack.
You hit the orc priest.
The orc priest is heavily wounded.
You block the orc wizard's attack.
The orc wizard looks satisfied for a moment.
The orc priest looks braver for a moment.
You block the orc wizard's attack. The orc wizard misses you.
You riposte.
You hit the orc wizard. Your headbutt misses the orc wizard.
The orc wizard is moderately wounded.
The orc wizard points at you and mumbles some strange words.
The puff of flame hits you.
You die...

#####################
#>..................#
#...@.oo....#######.#
#....©o.)...# #..
#.#######.).# ##.
#.#8.©.8#...# #.
#.#P.).P#...# ##
#.###+###...# #####
#.#≈≈;≈≈#..... ......
#.#≈≈≈≈≈#..### ######
≈≈≈≈≈#... .


You could see an electric eel, an orc priest and 2 orc wizards.

Vanquished Creatures
  An ogre (D:4)
  An orc wizard (D:4)
  An adder (D:2)
  A shadow imp (D:4)
  An ooze (D:1)
  A worm (D:3)
  2 dart slugs
  2 leopard geckos
  3 bats
  4 giant cockroaches
  10 goblins
  4 hobgoblins
  8 jackals
  3 kobolds
  6 frilled lizards
  15 rats
63 creatures vanquished.

Vanquished Creatures (others)
  An orc (D:4)
1 creature vanquished.

Grand Total: 64 creatures vanquished

Notes
Turn   | Place    | Note
-------+----------+-------------------------------------------
     0 | D:1      | Dirian the Minotaur Fighter began the quest for the Orb.
     0 | D:1      | Reached XP level 1. HP: 19/19 MP: 0/0
   120 | D:1      | Reached XP level 2. HP: 27/27 MP: 1/1
   266 | D:1      | Reached skill level 3 in Long Blades
   288 | D:1      | You fall into a shaft and drop 1 floor!
   460 | D:2      | Reached XP level 3. HP: 28/33 MP: 2/2
  1059 | D:2      | Found a glowing silver altar of Zin.
  1059 | D:2      | Found a glowing golden altar of the Shining One.
  1124 | D:2      | Found a white marble altar of Elyvilon.
  1725 | D:3      | Reached skill level 4 in Long Blades
  1725 | D:3      | Reached XP level 4. HP: 40/40 MP: 3/3
  1734 | D:3      | Found an ancient bone altar of Kikubaaqudgha.
  1859 | D:3      | Found a sparkling altar of Nemelex Xobeh.
  2301 | D:4      | Found a stormy altar of Qazlal.
  2356 | D:4      | Noticed an ogre
  2362 | D:4      | Killed an ogre
  2362 | D:4      | Reached skill level 5 in Long Blades
  2362 | D:4      | Reached XP level 5. HP: 15/46 MP: 4/4
  2626 | D:4      | Found a transporter.
  2643 | D:4      | HP: 2/46 [orc wizard/+2 dagger of holy wrath (3)]
  2649 | D:4      | Killed from afar by an orc wizard

Illustrated notes

Levels and vault maps discovered:
D:1:      dpeg_arrival_ratfight, layout_basic
D:2:      layout_basic, good_gods_temple_1, glass_columns_b, minmay_diced_spiral
D:3:      layout_loops_ring, nicolae_overflow_crystal_walls,
          lemuel_coloured_pillars_altar
D:4:      gammafunk_steamed_eel, layout_basic, minivault_1, hex_large,
          grunt_qazlal_sundering

Skill      XL: |  1  2  3  4 |
---------------+-------------+-----
Long Blades    | 3 4 5 |  5.3
Armour         | 4 |  4.6
Shields        | 4 |  4.4
Fighting       | 4 |  4.2

Action                   |  1- 3 |  4- 6 || total
-------------------------+-------+-------++-------
Melee: Long sword        |    96 |    41 ||   137
       Headbutt          |    12 |     8 ||    20
  Use: Potion            |       |     1 ||     1
  Eat: Chunk             |     3 |     1 ||     4
Armor: Scale mail        |    41 |    18 ||    59
Dodge: Dodged            |    29 |    11 ||    40
Block: Kite shield       |    43 |    26 ||    69
       Rpst.: Long sword |    10 |     1 ||    11
